 Dungeon Crawl Stone Soup version 0.16-a0-2093-g8c923f7 (webtiles) character file.

962 PolkaDot the Caller (level 7, 0/52 HPs)
             Began as a Vampire Summoner on Nov 12, 2014.
             Slain by a centaur (6 damage)
             ... on level 6 of the Dungeon.
             The game lasted 00:25:38 (5981 turns).

PolkaDot the Caller (Vampire Summoner)              Turns: 5981, Time: 00:25:39

Health: 0/52       AC:  5    Str:  7    XL:     7   Next: 92%
Magic:  2/12       EV: 10    Int: 19    God:
Gold:   215        SH:  0    Dex: 14    Spells: 4 memorised, 0 levels left

rFire  . . .     SeeInvis +     a - +1 quarterstaff
rCold  + . .     Clarity  .     e - +0 leather armour
rNeg   . . .     SustAb   .     (no shield)
rPois  .         Gourm    .     A - +0 helmet
rElec  .         Spirit   .     (no cloak)
rCorr  .         Warding  .     y - +0 pair of gloves
rMut   .         Stasis   .     (no boots)
MR     .....                    (no amulet)
Stlth  +++.......               z - ring of protection from cold
                                u - ring of stealth

@: very slightly contaminated, regenerating quickly, not resistant to hostile
enchantments, fairly stealthy
A: bottle blood, fangs 3, see invisible, unbreathing
a: Bottle Blood


You were on level 6 of the Dungeon.
You were very full.

You visited 1 branch of the dungeon, and saw 6 of its levels.

You collected 215 gold pieces.

Inventory:

Hand weapons
 a - a +1 quarterstaff (weapon)
 b - a +0 hunting sling
Missiles
 h - 31 sling bullets
 i - 218 stones (quivered)
 l - 2 throwing nets
Armour
 e - a +0 leather armour (worn)
 y - a +0 pair of gloves (worn)
 A - a +0 helmet (worn)
Jewellery
 u - a ring of stealth (left hand)
 z - a ring of protection from cold (right hand)
Magical devices
 g - a wand of magic darts (28)
 o - a wand of flame (5)
 v - a wand of slowing (15)
Scrolls
 c - a scroll of teleportation
 d - a scroll of fear {unknown}
 f - 3 scrolls of remove curse
 j - a scroll of magic mapping {unknown}
 k - a scroll of random uselessness {unknown}
 m - a scroll of amnesia {unknown}
 n - a scroll of enchant weapon
Potions
 q - a potion of resistance
 t - 3 potions of curing
 B - a potion of cancellation
Books
 s - a book of Summonings

   Spells                             Type                      Level
   Abjuration                         Summoning                    3
   Recall                             Summoning/Translocation      3
   Shadow Creatures                   Summoning                    5
   Summon Demon                       Summoning                    5
   Summon Forest                      Summoning/Translocation      5
   Monstrous Menagerie                Summoning                    6
 x - a book of Callings

   Spells                             Type                      Level
   *Summon Small Mammal               Summoning                    1
   *Call Imp                          Summoning                    2
   *Call Canine Familiar              Summoning                    3
   Summon Guardian Golem              Hexes/Summoning              4
   Summon Lightning Spire             Summoning/Air                4
   *Summon Ice Beast                  Ice/Summoning                4
 C - a Necronomicon {highlevel, unknown}

   This book is beyond your current level of understanding.

   Spells                             Type                      Level
   Haunt                              Necromancy/Summoning         7
   Borgnjor's Revivification          Necromancy                   8
   Death's Door                       Charms/Necromancy            8
   Necromutation                      Transmutation/Necromancy     8


   Skills:
 - Level 3.5 Fighting
   Level 2.9(3.2) Polearms
 + Level 1.5(2.3) Staves
 - Level 2.1 Dodging
 - Level 3.0 Stealth
 - Level 2.0 Spellcasting
 * Level 7.5 Summonings
 - Level 2.4 Evocations


You couldn't memorise any spells.
You knew the following spells:

 Your Spells              Type           Power        Failure   Level  Hunger
a - Summon Small Mammal   Summ           ####         1%          1    #......
d - Call Canine Familiar  Summ           ####....     1%          3    ###....
i - Summon Ice Beast      Ice/Summ       ###.....     38%         4    #####..
s - Call Imp              Summ           ####....     1%          2    ###....


Dungeon Overview and Level Annotations

Branches:
Dungeon (6/15)
 Temple: D:4-7

Altars:
Ashenzari
Fedhas
Makhleb
Nemelex Xobeh
Qazlal
Trog


Innate Abilities, Weirdness & Mutations

Your natural rate of healing is unusually fast.
You can bottle blood from corpses.
You have razor-sharp teeth.
You have supernaturally acute eyesight.
You can survive without breathing.


Message History

You feel much better.
The centaur hits you but does no damage.
The centaur hits you.
* * * LOW HITPOINT WARNING * * *
Drink which item? (? for menu, Esc to quit)
You feel refreshed.
It was a potion of restore abilities.
The centaur hits you but does no damage.
The centaur closely misses you. The centaur hits you!
* * * LOW HITPOINT WARNING * * *
Casting: Summon Ice Beast
Confirm with . or Enter, or press ? or * to list all spells.
You miscast Summon Ice Beast.
A chill runs through your body. The centaur hits you.
* * * LOW HITPOINT WARNING * * *
Casting: Summon Ice Beast
Confirm with . or Enter, or press ? or * to list all spells.
A chill wind blows around you. The centaur hits you.
* * * LOW HITPOINT WARNING * * *
The centaur hits you.
You die...

....≈#.....
.....#......
#...........
###...........
.............
#.......##..
#........#..
#######...........
#@cg.....B....g..B
##Y#####........†..
#......#...........
#......#........c..
#......#...........
#......#...........
#########.#...........
..............)........
#######.#.#...........


You could see a goliath beetle, a centaur, a hobgoblin and a friendly ice beast.

Vanquished Creatures
  An ogre (D:4)
  A phantom (D:4)
  2 hounds (D:5)
  An orc priest (D:4)
  2 worker ants
  A hound skeleton (D:4)
  Natasha (twice) (D:4)
  5 adders
  2 shadow imps
  A white imp (D:4)
  A worm (D:6)
  6 orcs
  2 giant cockroaches
  9 goblins
  11 hobgoblins
  6 jackals
  18 kobolds
  2 quokkas (D:4)
  6 bats
  4 giant geckos
  7 giant newts
  A hobgoblin skeleton (D:5)
  A kobold skeleton (D:5)
  An orc skeleton (D:4)
  6 rats
99 creatures vanquished.

Vanquished Creatures (collateral kills)
  Grinder (D:4)
  Menkaure (D:4)
  An ice beast (D:5)
  An ogre (D:5)
  A scorpion (D:4)
  A centaur zombie (D:5)
  A hound (D:4)
  An iguana (D:5)
  2 orc wizards (D:4)
  2 worker ants (D:5)
  Natasha (D:4)
  An orc priest (D:4)
  An ogre skeleton (D:4)
  2 adders
  2 giant mites
  3 orcs (D:4)
  A bat (D:4)
  2 giant cockroaches
  3 goblins
  A hobgoblin (D:2)
  A kobold (D:1)
  A giant gecko (D:4)
  A quokka (D:3)
32 creatures vanquished.

Vanquished Creatures (others)
  A crimson imp (D:4)
  3 hounds
  2 white imps (D:4)
  2 bats
  A quokka (D:2)
  A rat (D:2)
10 creatures vanquished.

Grand Total: 141 creatures vanquished

Notes
Turn   | Place    | Note
--------------------------------------------------------------
     0 | D:1      | PolkaDot, the Vampire Summoner, began the quest for the Orb.
     0 | D:1      | Reached XP level 1. HP: 13/13 MP: 3/3
   189 | D:1      | Found a shattered altar of Ashenzari.
   413 | D:1      | Reached skill level 1 in Fighting
   674 | D:1      | Reached XP level 2. HP: 21/21 MP: 4/4
  1377 | D:2      | Found a bloodstained altar of Trog.
  1581 | D:2      | Reached XP level 3. HP: 15/28 MP: 6/6
  1589 | D:2      | Learned a level 3 spell: Call Canine Familiar
  1592 | D:2      | Learned a level 2 spell: Call Imp
  2048 | D:3      | Found a sparkling altar of Nemelex Xobeh.
  2364 | D:3      | Reached XP level 4. HP: 27/35 MP: 7/7
  2604 | D:3      | Reached skill level 1 in Evocations
  3224 | D:4      | Reached skill level 1 in Polearms
  3231 | D:4      | Found a blossoming altar of Fedhas.
  3252 | D:4      | Reached XP level 5. HP: 22/41 MP: 5/9
  3335 | D:4      | Noticed Grinder
  3338 | D:4      | Noticed Natasha
  3348 | D:4      | Killed Natasha
  3356 | D:4      | Killed Grinder
  3356 | D:4      | Reached skill level 5 in Summonings
  3356 | D:4      | Reached XP level 6. HP: 40/47 MP: 2/10
  3704 | D:4      | Noticed Natasha
  3713 | D:4      | Killed Natasha
  3724 | D:4      | Noticed an ogre
  3738 | D:4      | Killed an ogre
  3958 | D:4      | Noticed Natasha
  3973 | D:4      | Killed Natasha
  3981 | D:4      | Reached skill level 6 in Summonings
  4202 | D:4      | Noticed a phantom
  4248 | D:4      | Killed a phantom
  4248 | D:4      | Reached XP level 7. HP: 30/52 MP: 4/12
  4261 | D:4      | Noticed Menkaure
  4287 | D:4      | Killed Menkaure
  4314 | D:4      | Found a stormy altar of Qazlal.
  4625 | D:4      | Found a burning altar of Makhleb.
  4890 | D:4      | Learned a level 4 spell: Summon Ice Beast
  4909 | D:5      | Entered Level 5 of the Dungeon
  5242 | D:5      | Reached skill level 1 in Staves
  5402 | D:5      | Found a bloodstained altar of Trog.
  5440 | D:5      | Reached skill level 7 in Summonings
  5981 | D:6      | Slain by a centaur

Action                   |  1- 3 |  4- 6 |  7- 9 || total
-------------------------+-------+-------+-------++-------
Melee: Unarmed           |    37 |       |       ||    37
       Dagger            |    86 |       |       ||    86
       Spear             |    66 |    80 |    32 ||   178
       Quarterstaff      |       |       |    74 ||    74
 Fire: Hunting sling     |       |    85 |    28 ||   113
 Cast: Summon Small Mamm |    10 |     1 |     1 ||    12
       Call Canine Famil |     1 |     9 |     6 ||    16
       Call Imp          |       |    14 |     2 ||    16
       Summon Ice Beast  |       |       |     3 ||     3
 Abil: Bottle Blood      |       |       |     1 ||     1
Evoke: Wand              |     5 |     4 |       ||     9
  Use: Potion            |     1 |     4 |     3 ||     8
       Scroll            |       |     5 |     7 ||    12
 Stab: Sleeping          |     5 |     3 |     6 ||    14
  Eat: Corpse            |    14 |    12 |    13 ||    39
